 Dungeon Crawl Stone Soup version 0.17.0-26-gececa24 (webtiles) character file.

21 4thArraOfDagon the Scratcher (level 2, -5/12 HPs)
             Began as a Felid Transmuter on Nov 19, 2015.
             Killed from afar by an orc wizard (10 damage)
             ... with a puff of flame
             ... on level 4 of the Dungeon.
             The game lasted 00:02:37 (468 turns).

4thArraOfDagon the Scratcher (Felid Transmuter)      Turns: 468, Time: 00:02:37

Health: -5/12      AC:  1    Str:  6    XL:     2   Next: 62%
Magic:  6/6        EV: 21    Int: 14    God:
Gold:   87         SH:  0    Dex: 16    Spells: 1 memorised, 4 levels left
                                        Lives:  0   Deaths: 0

rFire  . . .     SeeInvis +       - Unarmed
rCold  . . .     Clarity  .     (armour unavailable)
rNeg   . . .     SustAt   .     (shield unavailable)
rPois  .         Gourm    .     (helmet unavailable)
rElec  .         Spirit   .     (cloak unavailable)
rCorr  .         Warding  .     (gloves unavailable)
rMut   .         Stasis   .     (boots unavailable)
MR     .....                    (no amulet)
Stlth  ++........               (no ring)
                                e - +3 ring of evasion

@: quick, not resistant to hostile enchantments, unstealthy
A: no armour, no weapons or thrown items, claws 1, fangs 3, see invisible,
carnivore 3, speed 1, shaggy fur 1, slow metabolism 1, sharp paws
a: no special abilities


You were on level 4 of the Dungeon.
You were very full.

You visited 1 branch of the dungeon, and saw 4 of its levels.

You collected 87 gold pieces.

Inventory:

Missiles
 a - 12 arrows
Jewellery
 e - a +3 ring of evasion (left paw)
Scrolls
 g - 3 scrolls of identify {unknown}
Potions
 m - a potion of lignification {unknown}
Books
 b - a book of Changes

   Spells                             Type                      Level
   a - Beastly Appendage              Transmutation                1
   b - Sticks to Snakes               Transmutation                2
   c - Spider Form                    Transmutation/Poison         3
   d - Ice Form                       Ice/Transmutation            4
   e - Blade Hands                    Transmutation                5
 n - a book of Callings

   Spells                             Type                      Level
   a - Summon Small Mammal            Summoning                    1
   b - Call Imp                       Summoning                    2
   c - Call Canine Familiar           Summoning                    3
   d - Summon Guardian Golem          Hexes/Summoning              3
   e - Summon Lightning Spire         Summoning/Air                4
   f - Summon Ice Beast               Ice/Summoning                4
Comestibles
 c - 2 meat rations
 d - a slice of pizza
 f - a beef jerky


   Skills:
 + Level 1.2 Fighting
 - Level 2.6 Dodging
 * Level 3.9 Unarmed Combat
 - Level 2.0 Spellcasting
 - Level 2.1 Transmutations


You had 4 spell levels left.
You knew the following spells:

 Your Spells              Type           Power        Failure   Level  Hunger
a - Beastly Appendage     Trmt           #.....       12%         1    ##.....


Dungeon Overview and Level Annotations

Branches:
Dungeon (4/15)
 Temple: D:4-7

Altars:


Innate Abilities, Weirdness & Mutations

You cannot wear armour.
You are incapable of wielding weapons or throwing items.
You have sharp claws.
You have razor-sharp teeth.
You have supernaturally acute eyesight.
You are carnivorous and can eat meat at any time.
You cover ground quickly.
You are covered in fur (AC +1).
You have a slow metabolism.
Your sharp claws are effective at attacking unaware monsters.


Message History

The hound closely misses you.
The orc wizard points at you and mumbles some strange words.
The puff of flame hits you!
Unknown command.
You claw the orc wizard!
The orc wizard is severely wounded.
The hound bites you. The orc wizard casts a spell at you.
You resist with some effort. The orc wizard barely misses you.
The hound misses you.
Unknown command.
Drink which item? (? for menu, Esc to quit)
It was a potion of cancellation.
Your magical effects are unravelling.
You feel magically purged.
You feel a little less mighty now.
The orc wizard gestures at you while chanting.
The puff of flame hits you!
Ouch! That really hurt!
You die...

##########
#.....oh@#
#......oo#
#........#
#........#
#####......
#.......
+.........
#.........
##########


You could see a hound, 2 orc wizards and an orc.

Vanquished Creatures
  A ball python (D:1)
  A giant cockroach (D:2)
  4 goblins (D:1)
  3 hobgoblins
  A quokka (D:2)
  2 bats (D:2)
  A giant newt (D:2)
  3 kobolds
  2 rats
18 creatures vanquished.

Notes
Turn   | Place    | Note
--------------------------------------------------------------
     0 | D:1      | 4thArraOfDagon the Felid Transmuter began the quest for the Orb.
     0 | D:1      | Reached XP level 1. HP: 9/9 MP: 4/4
   152 | D:1      | Reached XP level 2. HP: 5/12 MP: 4/6
   468 | D:4      | Killed from afar by an orc wizard

Action                   || total
-------------------------++-------
Melee: Unarmed           ||    56
 Cast: Beastly Appendage ||     9
  Use: Potion            ||     5
       Scroll            ||     2
 Stab: Sleeping          ||     3
  Eat: Chunk             ||     6
